[Event "Late-Titled-Tuesday-Blitz-August-29-2023"]
[Site "Chess.com"]
[Date "2023.08.29"]
[Round "1"]
[White "valemava"]
[Black "SaqoChess_Twitch"]
[Result "0-1"]
[WhiteElo "2316"]
[BlackElo "2619"]
[TimeControl "180+1"]
[EndTime "14:07:24 PDT"]
[Termination "SaqoChess_Twitch won by checkmate"]

1. Nf3 d5 2. c4 e6 3. b3 Nf6 4.
Bb2 Be7 5. g3 O-O 6. Bg2 c5 7. cxd5 Nxd5 8. O-O Nc6 9. d3 b6 10. Nbd2 Bb7 11. Nc4 Bf6 12. Nfe5 Nxe5 13.
Bxe5 Bxe5 14. Nxe5 Qc7 15. Nc4 Nc3 16. Qc2 Bxg2 17.
Kxg2 Nd5 18. a4 Nb4 19. Qb2 Qb7+ 20. Kg1 f6 21. h4 a6 22. h5 b5 23. Ne3 g6 24. Ng4 e5 25. axb5 axb5 26. Rxa8 Qxa8 27. Ra1 Qc8 28. f3 gxh5 29. Ne3 Qh3 30. Kf2 h4 31.
Rg1 Kh8 32. g4 Qh2+ 33. Rg2 Qf4 34. Qc3 Qd4 35. Qxd4 cxd4 36. Nf5 Nd5 37. Rh2 Rc8 38. Rxh4 Rc2 39. g5 fxg5 40. Rh6 Nf4 41. Rb6 h5 42. Rxb5 Rxe2+ 43. Kf1 g4 44. Ng3 Re3 45.
Ne4 Rxf3+ 46. Kg1 h4 47. Ng5 Rg3+ 48. Kf2 Nxd3+ 49. Ke2 Nf4+ 50. Kf2 Nd3+ 51. Ke2 Re3+ 52. Kd2 h3 53. Rb7 Nc5 54. Rb8+ Kg7 55. Kc2 h2 56. Rb7+ Nxb7 57. Ne6+ Kf6 58. Nc7 h1=Q 59. Nd5+ Qxd5 60. b4 Qb3+ 61. Kd2 Qc3+ 62. Kd1 Re1# 0-1

[Event "Late-Titled-Tuesday-Blitz-August-29-2023"]
[Site "Chess.com"]
[Date "2023.08.29"]
[Round "1"]
[White "Lennis93"]
[Black "kinga2008"]
[Result "1-0"]
[WhiteElo "2695"]
[BlackElo "2401"]
[TimeControl "180+1"]
[EndTime "14:07:25 PDT"]
[Termination "Lennis93 won by resignation"]

1. c4 g6 2. Nf3 Bg7 3. g3 d6 4. Nc3 e6 5. Bg2 Ne7 6. O-O O-O 7. d4 Nd7 8. e4 e5 9. d5 f5 10. Ng5 Nf6 11. b4 h6 12. Ne6 Bxe6 13. dxe6 Qc8 14.
Nd5 Re8 15. Bxh6 Nexd5 16. Bxg7 Nc3 17. Qd3 Kxg7 18. Qxc3 fxe4 19. Rae1 Qxe6 20. Bxe4 Rh8 21. Bg2 Rh5 22. f4 Rah8 23. h4 Nd7 24. Bxb7 Qg4 25.
Bg2 Re8 26. c5 dxc5 27. Kh2 Reh8 28. Bh3 Rxh4 29. gxh4 Rxh4 30. Qg3 Qh5 31. fxe5 Nf8 32. e6 Nh7 33. e7 Ng5 34. e8=N+ Kh6 35. Re3 Rxh3+ 36.
Qxh3 Nxh3 37. Rxh3 1-0

[Event "Late-Titled-Tuesday-Blitz-August-29-2023"]
[Site "Chess.com"]
[Date "2023.08.29"]
[Round "1"]
[White "reevecanada"]
[Black "Mili_Brizzi"]
[Result "1-0"]
[WhiteElo "2533"]
[BlackElo "2013"]
[TimeControl "180+1"]
[EndTime "14:07:26 PDT"]
[Termination "reevecanada won by checkmate"]

1. e4 c6 2. c4 d5 3. cxd5 cxd5 4. exd5 Nf6 5. Nc3 Nxd5 6. Nf3 Nc6 7. Bb5 Nxc3 8. bxc3 g6 9. Qa4 Bd7 10. O-O Bg7 11. Ba3 O-O 12. Rfe1 Re8 13. Qh4 e5 14. Qg3 e4 15. Ng5 Qa5 16. Bc4 Ne5 17. Bb4 Qd8 18. Bb3 Bc6 19. Qf4 Qd7 20. Re3 a5 21. Ba3 a4 22.
Bc2 Nc4 23. Bc5 Nxe3 24. Bxe3 f5 25. Qh4 Bf6 26. Qh3 Rad8 27. Rd1 Qe7 28. Qg3 Be5 29. Qh4 Bf6 30. Qh6 Qg7 31. Qxg7+ Kxg7 32. h4 h6 33. Nh3 Rd7 34. g3 Red8 35. Kg2 b5 36.
Nf4 Kf7 37. Rb1 g5 38. hxg5 hxg5 39. Ne2 Be5 40. Bxg5 Rg8 41. Be3 Ke6 42. Rh1 Rf7 43. Rh6+ Rg6 44. Rxg6+ Kd5 45. d3 exd3 46. Bxd3 b4 47.
c4# 1-0

[Event "Late-Titled-Tuesday-Blitz-August-29-2023"]
[Site "Chess.com"]
[Date "2023.08.29"]
[Round "1"]
[White "Petukhov_Dmitry"]
[Black "Firouzja2003"]
[Result "1/2-1/2"]
[WhiteElo "2525"]
[BlackElo "3098"]
[TimeControl "180+1"]
[EndTime "14:07:27 PDT"]
[Termination "Game drawn by repetition"]

1. e4 c5 2. c3 Nf6 3. e5 Nd5 4. d4 cxd4 5. Nf3 d6 6. Qxd4 e6 7.
Bb5+ Nc6 8. Na3 Bd7 9. Bxc6 Bxc6 10. Nc4 dxe5 11. Ncxe5 f6 12. Nxc6 bxc6 13. O-O Be7 14. Qa4 Qd7 15. Rd1 e5 16. Be3 Qe6 17. Qe4 Kf7 18. Re1 c5 19. c4 Nxe3 20. Rxe3 Rad8 21.
b3 g6 22. h4 Rd7 23. h5 Qf5 24. Qc6 Rd6 25. Qb7 Qd7 26. Qe4 Rd8 27. Rae1 Qf5 28.
Qb7 R8d7 29. Qa8 Rd1 30. Qh8 gxh5 31. Rxe5 fxe5 32. Nxe5+ Ke6 33. Qg8+ Kd6 34. Qb8+ Ke6 35. Qg8+ Kd6 36. Qb8+ Ke6 37. Qg8+ 1/2-1/2

[Event "Late-Titled-Tuesday-Blitz-August-29-2023"]
[Site "Chess.com"]
[Date "2023.08.29"]
[Round "1"]
[White "carokannlover213"]
[Black "Quattroporte300"]
[Result "1-0"]
[WhiteElo "2698"]
[BlackElo "2402"]
[TimeControl "180+1"]
[EndTime "14:07:28 PDT"]
[Termination "carokannlover213 won by resignation"]

1. Nf3 c5 2. b3 Nc6 3. Bb2 Nf6 4.
e3 g6 5. Bxf6 exf6 6. c4 Bg7 7.
Nc3 f5 8. Be2 O-O 9. O-O d6 10.
Rc1 Be6 11. d4 cxd4 12. Nxd4 Nxd4 13. exd4 Rc8 14. Bf3 b6 15. Nb5 a6 16. Na7 Rc7 17.
Nc6 Qe8 18. d5 Bd7 19. Re1 Be5 20. Nb4 a5 21. Nd3 Bc8 22. g3 Re7 23. Qd2 Kg7 24. a3 h5 25. h4 f4 26. Nxe5 dxe5 27. gxf4 e4 28. Qd4+ f6 29. Rxe4 Rxe4 30. Qxe4 Qxe4 31. Bxe4 Re8 32. Bf3 Bg4 33. Bxg4 hxg4 34. b4 axb4 35. axb4 Rd8 36. Kf1 Kf7 37. Ke2 Ke7 38. Kd3 Kd6 39. Kd4 Rh8 40. c5+ bxc5+ 41. bxc5+ Kc7 42. Re1 Rxh4 43. Re7+ Kd8 44. d6 Rh1 45. c6 Rd1+ 46. Kc5 Rc1+ 47. Kb5 Rb1+ 48. Ka4 Ra1+ 49. Kb3 Rc1 50. c7+ Kc8 51. Re8+ Kb7 52. Rb8+ Ka7 53. c8=Q 1-0

[Event "Late-Titled-Tuesday-Blitz-August-29-2023"]
[Site "Chess.com"]
[Date "2023.08.29"]
[Round "1"]
[White "wild3000"]
[Black "jkidjr22"]
[Result "0-1"]
[WhiteElo "2324"]
[BlackElo "2635"]
[TimeControl "180+1"]
[EndTime "14:07:28 PDT"]
[Termination "jkidjr22 won on time"]

1. e4 c5 2. Nf3 e6 3. g3 h5 4. h3 h4 5. g4 d5 6. exd5 exd5 7. Bg2 Nc6 8. d4 cxd4 9. O-O Bd6 10.
Re1+ Nge7 11. Nbd2 f5 12. g5 Qc7 13. Nb3 Bd7 14. a4 O-O-O 15. Nbxd4 a6 16. Ne6 Bxe6 17. Rxe6 d4 18. Bd2 Rhe8 19. a5 Qd7 20. Qe2 Ng6 21.
Rxe8 Rxe8 22. Qc4 Kb8 23. Re1 Nce5 24. Nxe5 Nxe5 25. Qd5 Re7 26. Qxd4 Nf3+ 27. Bxf3 Rxe1+ 28. Kg2 Rg1+ 29. Kxg1 Bh2+ 30. Kxh2 Qxd4 31. Be3 Qxb2 32. c4 Qe5+ 33. Kg2 Qxa5 34. Bf4+ Kc8 35. Bd5 Qb6 36. Be5 g6 37. f4 a5 38. Kf3 a4 0-1

[Event "Late-Titled-Tuesday-Blitz-August-29-2023"]
[Site "Chess.com"]
[Date "2023.08.29"]
[Round "1"]
[White "simplerXiao"]
[Black "Kacparov"]
[Result "0-1"]
[WhiteElo "2485"]
[BlackElo "2924"]
[TimeControl "180+1"]
[EndTime "14:07:29 PDT"]
[Termination "Kacparov won by resignation"]

1. e4 c5 2. Nf3 e6 3. d4 cxd4 4. Nxd4 a6 5. c4 Nf6 6. Nc3 Qc7 7. Bd3 Nc6 8. Be3 h5 9. Nxc6 dxc6 10. h3 e5 11. Qe2 Be6 12. Rc1 Rd8 13. b3 Ba3 14.
Rc2 Qd6 15. Kd2 Bb4 16. f3 h4 17. Rd1 Nh5 18. Kc1 Bc5 19. Qf2 Bxe3+ 20. Qxe3 Nf4 21. Bf1 Qa3+ 22. Kb1 O-O 23. Rcd2 Rxd2 24. Qxd2 Qc5 25. Ne2 Ng6 26. Nc1 b5 27. Nd3 Qe7 28. c5 Rd8 29. Qe3 Rd4 30. f4 Nxf4 31.
Nb2 Qxc5 32. Rc1 Qd6 33. g3 hxg3 34. Qxg3 c5 35. h4 Rd2 36. Qc3 Qd4 37. b4 Qxc3 38. Rxc3 cxb4 39. Rc6 Rf2 40. Rc1 Kh7 41. Rd1 Kh6 42.
Bd3 Kh5 43. Bc2 Kxh4 44. Rh1+ Kg3 45. Nd1 Rh2 46. Rg1+ Rg2 47. Rh1 Bxa2+ 48. Kb2 Nd3+ 49. Kxa2 Rxc2+ 50. Kb3 Rd2 51. Rg1+ Kf4 52. Rf1+ Kxe4 53. Re1+ Nxe1 54. Nf2+ Rxf2 55. Kxb4 Kd3 56. Ka5 e4 0-1

[Event "Late-Titled-Tuesday-Blitz-August-29-2023"]
[Site "Chess.com"]
[Date "2023.08.29"]
[Round "1"]
[White "Orest_Vovk"]
[Black "Zampronha1971"]
[Result "1-0"]
[WhiteElo "2589"]
[BlackElo "2281"]
[TimeControl "180+1"]
[EndTime "14:07:29 PDT"]
[Termination "Orest_Vovk won on time"]

1. e4 c5 2. Nf3 e6 3. Nc3 Nc6 4. Bb5 Nd4 5. Nxd4 cxd4 6. Ne2 Qg5 7. Bd3 Qxg2 8. Ng3 Qh3 9. Be2 Qh4 10. d3 Bb4+ 11.
Bd2 Bxd2+ 12. Qxd2 Qh6 13. f4 Ne7 14. O-O-O O-O 15. Kb1 b6 16. Rdf1 Bb7 17. Qb4 Nc6 18. Qd6 Rac8 19. Rhg1 Kh8 20. Nh5 Rg8 21. Qxd7 Ba8 22.
Qxf7 Rcf8 23. Qc7 Rc8 24. Qd6 Rcd8 25. Qa3 g6 26. Nf6 Rgf8 27. Ng4 Qh4 28. Qb3 Rde8 29. e5 Re7 30. Nf6 Qxh2 31. Bf3 Na5 32. Qb4 Ref7 33. Bxa8 Rxa8 34. Qd6 Rc8 35. Rc1 Rfc7 36. Qxd4 Rxc2 37. Rcd1 Nb7 38. Rh1 1-0

[Event "Late-Titled-Tuesday-Blitz-August-29-2023"]
[Site "Chess.com"]
[Date "2023.08.29"]
[Round "1"]
[White "LeninGuerra"]
[Black "BozeKat"]
[Result "1-0"]
[WhiteElo "2538"]
[BlackElo "2079"]
[TimeControl "180+1"]
[EndTime "14:07:29 PDT"]
[Termination "LeninGuerra won on time"]

1. e4 c6 2. Nf3 d5 3. exd5 cxd5 4. Ne5 a6 5. b3 Nc6 6. Bb2 Nf6 7.
Nxc6 bxc6 8. Nc3 e5 9. Na4 Bd6 10. d4 e4 11. Be2 O-O 12. O-O Nd7 13. c4 f5 14. Nc5 Nf6 15. f4 Qc7 16. g3 a5 17. Rc1 Qe7 18. a3 Be6 19. Nxe6 Qxe6 20. cxd5 cxd5 21. Qd2 Rfc8 22. Rxc8+ Rxc8 23. Rc1 Qd7 24. Qxa5 Rxc1+ 25. Bxc1 Qc6 26. Qd2 h6 27. Bb2 Qb6 28.
b4 Qc7 29. Qc3 Qe7 30. Qc8+ Kh7 31. Qxf5+ Kh8 32. Qc8+ Kh7 33. Qc3 e3 34. Qd3+ g6 35.
b5 Bc7 36. Bc1 Ba5 37. Bxe3 Ne4 38. Bf3 Qd6 39. Bxe4 dxe4 40. Qxe4 Qxa3 41. Bf2 Qc1+ 42. Kg2 Qc7 43. Qc6 Qd8 44. d5 h5 45. b6 1-0

[Event "Late-Titled-Tuesday-Blitz-August-29-2023"]
[Site "Chess.com"]
[Date "2023.08.29"]
[Round "1"]
[White "DishonorOnYourCow"]
[Black "Njal28"]
[Result "1-0"]
[WhiteElo "2539"]
[BlackElo "3014"]
[TimeControl "180+1"]
[EndTime "14:07:32 PDT"]
[Termination "DishonorOnYourCow won by checkmate"]

1. d4 Nf6 2. c4 e6 3. Nf3 c5 4.
d5 exd5 5. cxd5 d6 6. Nc3 g6 7. Nd2 Nbd7 8. e4 Bg7 9. Be2 O-O 10. O-O a6 11. a4 Re8 12. Qc2 Rb8 13. h3 Qe7 14. Re1 g5 15. Nc4 h6 16. Bd3 Nh5 17. Ne3 Ne5 18. Bf1 Nf4 19. Bd2 Qf6 20. Nf5 Bf8 21.
Bxf4 gxf4 22. Qd2 Qg5 23. Kh1 Bxf5 24. exf5 Qxf5 25. f3 Bg7 26. Ne4 Rbd8 27. Rad1 Kf8 28. b4 c4 29. b5 axb5 30. axb5 Re7 31. Rc1 Rc7 32. Qb4 Qg6 33. Bxc4 f5 34. Nd2 Rdc8 35.
b6 Rc5 36. Rxe5 Bxe5 37. Nb3 Qg3 38. Nxc5 Rxc5 39. Qa4 Qf2 40. Qa8+ Kg7 41. Qxb7+ Kg6 42. Qd7 Qb2 43. Qe8+ Kh7 44. Qf7+ Bg7 45. Qxf5+ Kg8 46. Qe6+ Kh8 47. Qe8+ Kh7 48. Bd3# 1-0

[Event "Late-Titled-Tuesday-Blitz-August-29-2023"]
[Site "Chess.com"]
[Date "2023.08.29"]
[Round "1"]
[White "robertoalejandro10"]
[Black "gordonzyxu"]
[Result "1-0"]
[WhiteElo "2534"]
[BlackElo "2055"]
[TimeControl "180+1"]
[EndTime "14:07:32 PDT"]
[Termination "robertoalejandro10 won by resignation"]

1. Nf3 Nf6 2. b3 g6 3. Bb2 Bg7 4. c4 O-O 5. g3 c6 6. Bg2 d5 7. O-O Nbd7 8. d3 Re8 9. Ne5 Qc7 10. Nxd7 Bxd7 11. Nd2 e5 12. Rc1 Qd6 13. Qc2 Rac8 14.
Qb1 Bf5 15. cxd5 cxd5 16. Rxc8 Rxc8 17. Rc1 Ng4 18. h3 Nf6 19. Nf3 Ne8 20. Rxc8 Bxc8 21.
Qa1 f6 22. Qc1 Qc7 23. Qd2 Bf8 24. Qe3 Bc5 25. Qh6 Bf8 26. Qh4 Qc2 27. Nxe5 Qxb2 28. Bxd5+ Kg7 29. Ng4 Qc1+ 30. Kg2 Bc5 31. e3 Bxg4 32.
Qxg4 f5 33. Qa4 Nf6 34. Bxb7 Qc2 35. Qc4 Qxc4 36. bxc4 Nd7 37. d4 Be7 38. c5 Nb8 39. g4 Kf6 40. gxf5 gxf5 41. Kf3 Bf8 42. Ke2 Ke6 43.
Bc8+ Kf6 44. Bb7 Be7 45. Kd3 Bd8 46. f3 Nd7 47. e4 fxe4+ 48. fxe4 Nf8 49. Kc4 Ke6 50.
Bc8+ Ke7 51. d5 Ng6 52. d6+ Kf6 53. Kd5 Nf4+ 54. Kc6 Ba5 55. Bf5 h6 56. Kd7 Nd3 57. Kc6 Ne5+ 58. Kb5 Bd8 59. c6 a6+ 60. Kc5 Nd3+ 61. Kd4 Nb4 62. c7 Nc6+ 63. Kc5 Bxc7 64. dxc7 Na7 65. Kb6 1-0

[Event "Late-Titled-Tuesday-Blitz-August-29-2023"]
[Site "Chess.com"]
[Date "2023.08.29"]
[Round "1"]
[White "ybothg"]
[Black "DanielDardha2005"]
[Result "0-1"]
[WhiteElo "2498"]
[BlackElo "2948"]
[TimeControl "180+1"]
[EndTime "14:07:34 PDT"]
[Termination "DanielDardha2005 won by checkmate"]

1. d4 d5 2. Nf3 c6 3. Bf4 Nf6 4. e3 Bf5 5. Bd3 Bxd3 6. Qxd3 Qb6 7. Qb3 e6 8. Nbd2 Nbd7 9. h3 Be7 10. O-O O-O 11. c4 Qxb3 12. axb3 a6 13. c5 Rfe8 14. b4 Bd8 15. Nb3 Ne4 16. Ne1 e5 17. dxe5 Nxe5 18. f3 Nf6 19. Bxe5 Rxe5 20. Kf2 Nh5 21. g3 g6 22. Nd3 Re8 23. Ra3 Bf6 24. Na5 Re7 25.
Rb3 Rae8 26. Nc1 Ng7 27. g4 Ne6 28. Kg3 h5 29. h4 hxg4 30. fxg4 Be5+ 31. Kh3 Kg7 32.
g5 f5 33. gxf6+ Bxf6 34. Kg4 Rh8 35. Rh1 Nd8 36. Ne2 Nf7 37. Nf4 Ne5+ 38. Kg3 Nc4 39. h5 Be5 40. Kg4 gxh5+ 41. Nxh5+ Kf7 42. Rf1+ Ke6 43. Nf4+ Kd7 44. Ng6 Rg8 45. Kh5 Rh7+ 46. Kg5 Rhg7 47. Nxb7 Rxg6+ 48. Kh5 Rg3 49. Rf7+ Ke6 50.
Nd8+ Rxd8 51. Rh7 Rdg8 52. Rh6+ Kf5 53. Rd3 Rh3# 0-1

[Event "Late-Titled-Tuesday-Blitz-August-29-2023"]
[Site "Chess.com"]
[Date "2023.08.29"]
[Round "1"]
[White "komogro"]
[Black "LastGladiator1"]
[Result "0-1"]
[WhiteElo "2472"]
[BlackElo "2887"]
[TimeControl "180+1"]
[EndTime "14:07:34 PDT"]
[Termination "LastGladiator1 won on time"]

1. d4 Nf6 2. c4 e6 3. Nf3 d5 4.
Nc3 a6 5. cxd5 exd5 6. Bg5 Be6 7. e3 Nbd7 8. Bd3 Bd6 9. Qc2 h6 10. Bh4 O-O 11. O-O c5 12. dxc5 Nxc5 13. Rad1 Rc8 14.
Qe2 g5 15. Bg3 Bxg3 16. hxg3 Bg4 17. Bb1 Re8 18. Rd4 Ne6 19. Rxg4 Nxg4 20. Rd1 Nf6 21. Qd3 Rc6 22. Qf5 Ng7 23. Qd3 Rd6 24. Nd4 b5 25. f3 Rd7 26. g4 Qb6 27. Nce2 Rde7 28. Nc2 h5 29. gxh5 Ngxh5 30. Ned4 Re5 31. Nf5 a5 32. Ncd4 b4 33. g4 Ng7 34. Nh6+ Kf8 35. Nhf5 Nxf5 36. Nxf5 Rxe3 37. Nxe3 Rxe3 38. Qd4 Re1+ 39. Kf2 Qxd4+ 40. Rxd4 Rxb1 0-1

[Event "Late-Titled-Tuesday-Blitz-August-29-2023"]
[Site "Chess.com"]
[Date "2023.08.29"]
[Round "1"]
[White "Noki102"]
[Black "kleinebeer98"]
[Result "1-0"]
[WhiteElo "2448"]
[BlackElo "2750"]
[TimeControl "180+1"]
[EndTime "14:07:34 PDT"]
[Termination "Noki102 won by checkmate"]

1. d4 Nf6 2. Bf4 c6 3. e3 Qb6 4.
Qc1 Nh5 5. Bg5 Qa5+ 6. Nc3 Qxg5 7. f4 Qa5 8. Nf3 Nf6 9. g4 Ne4 10. Bd3 Nxc3 11. bxc3 Qxc3+ 12. Kf2 d5 13. Rb1 Nd7 14.
Rb3 Qa5 15. c4 Nf6 16. g5 Ne4+ 17. Kg2 e6 18. h4 Be7 19. h5 Qxa2+ 20. Rb2 Qa3 21.
Qb1 Nd6 22. Ra2 Qxa2+ 23. Qxa2 dxc4 24. Bxc4 a5 25. g6 Bf6 26. gxf7+ Kxf7 27. Ng5+ Bxg5 28. fxg5 Ke7 29. Bd3 Rf8 30. Bxh7 a4 31. h6 gxh6 32. g6 Nf5 33. e4 Ng7 34. Rxh6 a3 35. Rh3 Ra4 36.
Rxa3 Rxd4 37. Rf3 Rxf3 38. Kxf3 c5 39. Ke3 Bd7 40. Qf2 Be8 41. Qh4+ Kd7 42. Qh6 Bxg6 43. Qxg7+ Kd6 44. Bxg6 Rb4 45. Qf8+ Kc6 46. Be8+ Kb6 47. Qd6+ Ka5 48. Qxc5+ b5 49. Qa7# 1-0

[Event "Late-Titled-Tuesday-Blitz-August-29-2023"]
[Site "Chess.com"]
[Date "2023.08.29"]
[Round "1"]
[White "Beltraxtor"]
[Black "jamengrand"]
[Result "1-0"]
[WhiteElo "2640"]
[BlackElo "2338"]
[TimeControl "180+1"]
[EndTime "14:07:35 PDT"]
[Termination "Beltraxtor won by checkmate"]

1. e4 c5 2. Nf3 Nc6 3. Bb5 g6 4. Bxc6 dxc6 5. d3 Bg7 6. h3 Nf6 7. Nc3 Nd7 8. Be3 e5 9. Qd2 h6 10. O-O b6 11. Nh2 Nf8 12. f4 exf4 13. Bxf4 Ne6 14.
Be3 a5 15. Rae1 a4 16. e5 Bxe5 17. Ng4 Bg7 18. Bxh6 Bxh6 19. Nxh6 f5 20. Ne2 Qg5 21. Qxg5 Nxg5 22. Nf4+ Kd8 23. h4 Nh3+ 24. Nxh3 Rxh6 25. Rf4 b5 26. Ng5 Ra7 27. a3 Re7 28. Kf2 Rxe1 29. Kxe1 Kc7 30. g3 Rh8 31. Kd2 Re8 32. Rf3 Bd7 33. Nh3 b4 34. Nf4 Rg8 35. Nh3 bxa3 36. bxa3 Rb8 37. Re3 Kd6 38. Ng5 Rb2 39. Nf7+ Kc7 40. Ne5 Be8 41. Nc4 Rb8 42. Re7+ Kd8 43. Ra7 Rb1 44. Ke3 Rg1 45. Kf4 Rg2 46. Ke5 g5 47. Kd6 Bd7 48. Rxd7+ Ke8 49. hxg5 Rxg3 50. Rg7 f4 51. Ne5 f3 52. Rg8# 1-0

[Event "Late-Titled-Tuesday-Blitz-August-29-2023"]
[Site "Chess.com"]
[Date "2023.08.29"]
[Round "1"]
[White "Biregina"]
[Black "fastestmindalive"]
[Result "0-1"]
[WhiteElo "2423"]
[BlackElo "2742"]
[TimeControl "180+1"]
[EndTime "14:07:37 PDT"]
[Termination "fastestmindalive won on time"]

1. d4 Nf6 2. Nf3 e6 3. b3 b5 4. e3 a6 5. Bd3 Bb7 6. Nbd2 c5 7. Bb2 Be7 8. O-O O-O 9. c4 bxc4 10.
bxc4 Qc7 11. Qc2 h6 12. Rab1 Nc6 13. Bc3 Nb4 14. Bxb4 cxb4 15. e4 d6 16. Rxb4 d5 17. c5 dxe4 18. Nxe4 Nd5 19. Rb2 Nf4 20. Qd2 Rab8 21. Rfb1 Nxd3 22. Qxd3 Bd5 23. Nc3 Ba8 24. Nd2 Rbd8 25. Nde4 f5 26. Nd6 Bxd6 27. cxd6 Qxd6 28. Rb6 Qf4 29. f3 Rxd4 30. Qe2 e5 31. Rxa6 Rdd8 32. Qf2 Rd2 33. Ne2 Qc4 34. Rxa8 Rxa8 35. Re1 Raxa2 36. Qb6 Rxe2 0-1

[Event "Late-Titled-Tuesday-Blitz-August-29-2023"]
[Site "Chess.com"]
[Date "2023.08.29"]
[Round "1"]
[White "FredddieCroderg"]
[Black "lupta_robin"]
[Result "0-1"]
[WhiteElo "2322"]
[BlackElo "2630"]
[TimeControl "180+1"]
[EndTime "14:07:37 PDT"]
[Termination "lupta_robin won on time"]

1. d4 Nf6 2. c3 b6 3. a4 a5 4. Na3 Bb7 5. f3 d5 6. Bg5 Nbd7 7. Nh3 h6 8. Bh4 e6 9. e3 Be7 10. Bd3 e5 11. O-O O-O 12. Nf2 Re8 13. Nb5 c6 14.
Na3 Qc7 15. Nc2 Bd6 16. dxe5 Bxe5 17. f4 Bd6 18. Qd2 Nh7 19. Rae1 Nc5 20. Nd4 Nxd3 21.
Qxd3 Ba6 22. Qd2 Bxf1 23. Rxf1 Bc5 24. Ng4 Bxd4 25. exd4 f6 26. Bg3 Re4 27. f5 Qe7 28. Nxh6+ gxh6 29. Qxh6 Qg7 30. Qh5 Rae8 31. Bf4 Re1 32. Bh6 Rxf1+ 33. Kxf1 Qe7 34. Qg6+ Kh8 35. Bg7+ Qxg7 36. Qxe8+ Nf8 37. Qxc6 Qg5 38. g4 Qf4+ 39. Ke1 Qe3+ 40. Kd1 Kg7 41. Qxb6 Qg1+ 42. Kc2 Qxh2+ 43. Kb3 Nd7 44. Qxa5 Qb8+ 45. Ka3 Nb6 0-1

[Event "Late-Titled-Tuesday-Blitz-August-29-2023"]
[Site "Chess.com"]
[Date "2023.08.29"]
[Round "1"]
[White "Siemba"]
[Black "Msb2"]
[Result "0-1"]
[WhiteElo "2504"]
[BlackElo "3020"]
[TimeControl "180+1"]
[EndTime "14:07:38 PDT"]
[Termination "Msb2 won by resignation"]

1. d4 d5 2. c4 e6 3. Nf3 Nf6 4. Nc3 Bb4 5. Qa4+ Nc6 6. e3 O-O 7. Bd2 Qe8 8. a3 Bxc3 9. Bxc3 Nxd4 10. Qd1 Nxf3+ 11. gxf3 Qe7 12. Qd4 c5 13. Qh4 e5 14.
cxd5 Nxd5 15. Qxe7 Nxe7 16. Bxe5 b6 17. Bd6 Ng6 18.
Bxf8 Kxf8 19. f4 Bb7 20. Rg1 Nh4 21. O-O-O Bc6 22. Rg4 Nf5 23. Bg2 Bxg2 24. Rxg2 g6 25. Rgg1 Ke7 26. Rd5 Rc8 27. Rgd1 Rc7 28. Kc2 h5 29.
Kc3 Ke6 30. Re5+ Kf6 31. Kc4 Ne7 32. Kb5 Nf5 33. a4 c4 34. Re4 c3 35. Rc4 c2 36. Rxc2 Rxc2 37. e4 Nh4 38. b4 Rxf2 39.
Ka6 Rxf4 40. Re1 Nf3 41. Re2 Nd4 42. Re3 Nc2 43. Rb3 Rxe4 44. Kxa7 Nxb4 45. Kxb6 Nd5+ 46. Kc5 Rxa4 47. Ra3 Rxa3 0-1

[Event "Late-Titled-Tuesday-Blitz-August-29-2023"]
[Site "Chess.com"]
[Date "2023.08.29"]
[Round "1"]
[White "Durarbayli"]
[Black "DawidCzerw"]
[Result "1-0"]
[WhiteElo "2916"]
[BlackElo "2484"]
[TimeControl "180+1"]
[EndTime "14:07:38 PDT"]
[Termination "Durarbayli won by resignation"]

1. e4 c5 2. Nf3 Nc6 3. Bb5 e6 4. Bxc6 bxc6 5. e5 f6 6. O-O fxe5 7. Nxe5 Nf6 8. d3 Bd6 9. Qe2 O-O 10. b3 Bc7 11.
Bb2 d6 12. Nc4 e5 13. Nbd2 Nd5 14. f3 Nf4 15. Qf2 Rf6 16. Kh1 Rg6 17. Ne3 Bd7 18. g3 Nd5 19. Ng2 Qe7 20. Ne4 Rf8 21. Nh4 Rh6 22. Bc1 Rh5 23. Bd2 g5 24. Ng2 g4 25.
f4 exf4 26. Nxf4 Nxf4 27. Bxf4 d5 28. Qxc5 Qe8 29. Bxc7 Rxf1+ 30. Rxf1 dxe4 31. Qe3 exd3 32. Qxe8+ Bxe8 33. cxd3 Rd5 34. Rd1 c5 35. Bb8 a6 36.
Ba7 Bg6 37. d4 Be4+ 38. Kg1 cxd4 39. Bxd4 Kf7 40. Kf2 Bf3 41. Rd2 Ke6 42. Ke3 Kd7 43.
Rc2 Rd6 44. h4 Re6+ 45. Kf2 Re4 46. Be3 Re5 47. Rc4 Rd5 48. Bd4 Rd6 49. a4 Re6 50. Be3 Rd6 51. b4 Rd1 52. Bf4 Rh1 53. Rc7+ Ke6 54.
Rxh7 Rh2+ 55. Ke3 Rb2 56. Rh6+ Kd5 57. Rd6+ Kc4 58. Rd4+ Kc3 59. Be5 Rb3 60. Kf4 Kc2 61.
h5 Rb1 62. h6 Rh1 63. Bg7 Kc3 64. Rd1+ Kxb4 65. Rxh1 Bxh1 66. h7 1-0

[Event "Late-Titled-Tuesday-Blitz-August-29-2023"]
[Site "Chess.com"]
[Date "2023.08.29"]
[Round "1"]
[White "Eloist"]
[Black "Byniolus"]
[Result "0-1"]
[WhiteElo "2464"]
[BlackElo "2869"]
[TimeControl "180+1"]
[EndTime "14:07:38 PDT"]
[Termination "Byniolus won on time"]

1. e4 d6 2. d4 Nf6 3. Nc3 c6 4. f4 Qb6 5. Nf3 Bg4 6. e5 Nd5 7. Nxd5 cxd5 8. Be2 Nc6 9. c3 e6 10. h3 Bf5 11. O-O Be7 12. g4 Be4 13. Bd3 h5 14. Qe2 hxg4 15. hxg4 Bxd3 16. Qxd3 O-O-O 17. Be3 Rh3 18. b4 Rdh8 19. Kg2 g5 20. fxg5 dxe5 21. dxe5 Qd8 22. g6 Qg8 23. b5 Nd8 24. c4 Qxg6 25. Qxg6 fxg6 26. cxd5 exd5 27. Bxa7 Ne6 28. Rac1+ Kd7 29.
Be3 R3h7 30. Rfd1 d4 31. Bxd4 Nf4+ 32. Kf2 Ke6 33. Ke3 Nd5+ 34. Ke4 Rf8 35. Rf1 Rhf7 36. Nd2 Rf4+ 37. Rxf4 Rxf4+ 38. Kd3 Nb4+ 39. Kc4 Nxa2 40.
Ra1 Nb4 41. Ra7 Nc2 0-1

[Event "Late-Titled-Tuesday-Blitz-August-29-2023"]
[Site "Chess.com"]
[Date "2023.08.29"]
[Round "1"]
[White "VladimirKramnik"]
[Black "Machteld145"]
[Result "1-0"]
[WhiteElo "2957"]
[BlackElo "2499"]
[TimeControl "180+1"]
[EndTime "14:07:39 PDT"]
[Termination "VladimirKramnik won on time"]

1. c4 e5 2. Nc3 f5 3. d4 d6 4. dxe5 dxe5 5. Qxd8+ Kxd8 6. Bg5+ Nf6 7. O-O-O+ Ke8 8.
Nf3 Nbd7 9. Nb5 Bd6 10. Rxd6 cxd6 11. Nc7+ Kd8 12. Nxa8 b6 13. e3 Bb7 14. Nxb6 axb6 15.
Nd2 Ke7 16. f3 Rc8 17. Kb1 h6 18. Bxf6+ Nxf6 19. Be2 d5 20. Rc1 e4 21. f4 dxc4 22. Nxc4 Nd5 23. g4 b5 24. Na5 Ba6 25. Nc6+ Kd6 26.
Nd4 Rxc1+ 27. Kxc1 Nxe3 28. Nxf5+ Nxf5 29. gxf5 Ke7 30. Kd2 Kf6 31. Ke3 Kxf5 32. a4 g5 33. fxg5 hxg5 34.
Bxb5 Bb7 35. a5 Kg4 36. Bf1 Kf5 37. b4 Ke5 38. b5 Kd6 39. a6 Bd5 40. Kd4 Ba8 41.
Bc4 Kc7 42. Kc5 e3 43. b6+ Kb8 44. Kd4 Bg2 45. Kxe3 Bc6 46. Kd4 1-0

[Event "Late-Titled-Tuesday-Blitz-August-29-2023"]
[Site "Chess.com"]
[Date "2023.08.29"]
[Round "1"]
[White "Alexei_Gubajdullin"]
[Black "MeisterJabo"]
[Result "1-0"]
[WhiteElo "2620"]
[BlackElo "2315"]
[TimeControl "180+1"]
[EndTime "14:07:40 PDT"]
[Termination "Alexei_Gubajdullin won on time"]

1. d4 Nf6 2. Nf3 e6 3. Bf4 d5 4.
e3 Bd6 5. Bg3 O-O 6. Nbd2 c5 7. c3 Qc7 8. dxc5 Qxc5 9. b4 Qc7 10.
c4 Nc6 11. Bxd6 Qxd6 12. c5 Qc7 13. b5 Ne5 14. Nxe5 Qxe5 15. Rc1 Qb2 16. Qc2 Qb4 17. Qc3 Qa4 18. Be2 Bd7 19. Qb3 Qa5 20. a3 a6 21. bxa6 bxa6 22. Qb4 Qxb4 23. axb4 Rfb8 24.
Rb1 Bb5 25. Nf3 Ne4 26. Bxb5 Rxb5 27. Nd4 Rb7 28. c6 Rb6 29. f4 Rab8 30. Rb3 Rxb4 31. Rxb4 Rxb4 32. O-O Rc4 33. Ra1 Nc5 34. Rb1 f6 35. c7 Nb3 36. Rxb3 Rxc7 37. Nxe6 Rc1+ 38. Kf2 Rc2+ 39. Kf3 Kf7 40. Nd4 Ra2 41. Rb7+ Kg6 42. f5+ Kh6 43. h4 Ra3 44. g4 g5 45. h5 a5 46. Ne6 a4 47. Nf8 Rxe3+ 48. Kxe3 1-0